General information
- name: BNet
- type: Ladder team game (AT/RT)
- host: Battle.net
- saver: dogsandhorse.ru
map: RiceFields
- players: 6
- length: 39:03
- speed: Fast
- version: 1.26 W3XP
- replay type:

» download(358 KB)
Players
team 1 (winner)
Birdeneering (
purple | 126 APM | 4933 actions | 39:02)
6 Mountain King
3 Storm Bolt
2 Bash
1 Avatar
5 Paladin
3 Holy Light
2 Divine Shield
3 Archmage
2 Blizzard
1 Brilliance Aura
» actions
| Assign group hotkey | 318 | |
| Basic commands | 30 | |
| Build / train | 176 | |
| Enter build submenu | 162 | |
| Enter hero's abilities submenu | 14 | |
| Give item / drop item | 4 | |
| Remove unit from queue | 1 | |
| Right click | 2155 | |
| Select / deselect | 586 | |
| Select group hotkey | 1078 | |
| Use ability | 409 | |
4933 total
» units
» upgrades
| Masonry | 3 | |
| Lumber Harvesting | 2 | |
| Magic Sentry | 1 | |
6 total
» buildings
| Altar of Kings | 1 | |
| Farm | 4 | |
| Lumber Mill | 1 | |
| Scout Tower | 222 | |
| Arcane Tower | 4 | |
| Arcane Vault | 4 | |
| Guard Tower | 87 | |
| Keep | 1 | |
| Town Hall | 1 | |
| Castle | 3 | |
| Arcane Sanctum | 1 | |
329 total
» build order
00:14 Altar of Kings
00:21 Farm
00:38 Lumber Mill
01:23 Scout Tower
01:26 Farm
01:39 Scout Tower
01:42 Scout Tower
01:55 Arcane Tower
01:56 Scout Tower
02:09 Arcane Vault
02:22 Arcane Tower
02:24 Scout Tower
02:31 Guard Tower
02:32 Scout Tower
03:06 Guard Tower
03:07 Scout Tower
03:08 Scout Tower
03:08 Scout Tower
03:13 Guard Tower
03:14 Scout Tower
03:15 Scout Tower
03:37 Guard Tower
03:39 Scout Tower
03:53 Scout Tower
04:10 Guard Tower
04:10 Guard Tower
04:12 Scout Tower
04:14 Keep
04:15 Guard Tower
04:16 Guard Tower
04:17 Scout Tower
04:19 Guard Tower
04:30 Scout Tower
04:33 Guard Tower
04:33 Guard Tower
04:49 Guard Tower
04:51 Guard Tower
04:53 Scout Tower
04:57 Scout Tower
04:57 Scout Tower
05:02 Guard Tower
05:04 Scout Tower
05:04 Scout Tower
05:34 Guard Tower
05:36 Scout Tower
05:37 Scout Tower
05:45 Guard Tower
05:46 Farm
06:06 Guard Tower
06:10 Guard Tower
06:11 Scout Tower
06:13 Arcane Vault
06:14 Scout Tower
06:15 Scout Tower
06:17 Scout Tower
06:18 Scout Tower
06:56 Guard Tower
06:58 Scout Tower
06:59 Scout Tower
07:07 Farm
07:30 Guard Tower
07:51 Town Hall
07:55 Scout Tower
07:55 Scout Tower
08:07 Guard Tower
08:11 Scout Tower
08:12 Scout Tower
08:46 Guard Tower
08:47 Scout Tower
08:47 Scout Tower
08:48 Scout Tower
08:55 Guard Tower
08:56 Scout Tower
08:57 Scout Tower
08:58 Scout Tower
08:58 Scout Tower
09:10 Scout Tower
09:11 Scout Tower
09:12 Scout Tower
09:13 Guard Tower
09:35 Guard Tower
09:36 Scout Tower
09:37 Scout Tower
09:39 Scout Tower
09:44 Guard Tower
09:54 Scout Tower
09:55 Scout Tower
10:07 Castle
10:07 Castle
10:16 Guard Tower
10:35 Guard Tower
10:37 Scout Tower
10:39 Scout Tower
10:39 Scout Tower
11:01 Scout Tower
11:22 Guard Tower
11:23 Scout Tower
11:24 Scout Tower
11:27 Guard Tower
11:31 Arcane Sanctum
11:32 Guard Tower
11:33 Scout Tower
11:34 Scout Tower
11:44 Scout Tower
11:46 Scout Tower
11:46 Scout Tower
11:47 Guard Tower
11:52 Scout Tower
11:53 Scout Tower
12:08 Scout Tower
12:09 Scout Tower
12:10 Guard Tower
12:13 Arcane Vault
12:14 Guard Tower
12:20 Guard Tower
12:22 Guard Tower
12:24 Scout Tower
12:24 Scout Tower
12:42 Guard Tower
12:44 Scout Tower
12:45 Scout Tower
12:48 Scout Tower
12:49 Scout Tower
13:30 Guard Tower
13:32 Scout Tower
13:32 Scout Tower
13:35 Guard Tower
13:36 Scout Tower
13:37 Scout Tower
13:38 Scout Tower
13:44 Scout Tower
13:45 Scout Tower
13:58 Guard Tower
14:01 Scout Tower
14:02 Scout Tower
14:20 Guard Tower
14:35 Scout Tower
14:37 Scout Tower
14:48 Guard Tower
15:00 Scout Tower
15:01 Scout Tower
15:14 Guard Tower
15:15 Scout Tower
15:17 Scout Tower
15:18 Scout Tower
15:18 Scout Tower
15:30 Arcane Tower
15:31 Guard Tower
15:34 Scout Tower
15:34 Scout Tower
15:35 Scout Tower
15:36 Scout Tower
15:36 Scout Tower
15:37 Scout Tower
15:38 Scout Tower
15:39 Scout Tower
15:49 Guard Tower
15:52 Scout Tower
15:53 Scout Tower
15:54 Scout Tower
15:54 Scout Tower
15:56 Scout Tower
16:01 Guard Tower
16:09 Arcane Vault
16:11 Arcane Tower
16:25 Guard Tower
16:39 Scout Tower
16:42 Guard Tower
16:47 Scout Tower
16:47 Scout Tower
16:48 Scout Tower
17:43 Guard Tower
17:46 Guard Tower
17:46 Guard Tower
17:50 Guard Tower
18:28 Scout Tower
18:28 Scout Tower
18:29 Scout Tower
18:30 Scout Tower
19:05 Scout Tower
19:06 Scout Tower
19:06 Scout Tower
19:08 Scout Tower
19:09 Scout Tower
19:10 Scout Tower
19:10 Scout Tower
19:11 Scout Tower
19:11 Scout Tower
19:53 Scout Tower
19:55 Scout Tower
19:56 Scout Tower
19:56 Scout Tower
19:57 Scout Tower
19:57 Scout Tower
20:14 Scout Tower
20:16 Scout Tower
20:17 Scout Tower
20:19 Scout Tower
20:20 Scout Tower
20:21 Scout Tower
20:21 Scout Tower
20:22 Scout Tower
20:23 Scout Tower
20:24 Guard Tower
20:46 Guard Tower
20:48 Scout Tower
20:49 Scout Tower
20:52 Scout Tower
20:53 Scout Tower
20:54 Scout Tower
20:54 Scout Tower
20:55 Scout Tower
20:55 Scout Tower
20:58 Scout Tower
20:59 Scout Tower
20:59 Scout Tower
21:00 Scout Tower
21:00 Scout Tower
21:00 Scout Tower
21:02 Scout Tower
21:03 Scout Tower
21:03 Scout Tower
21:04 Scout Tower
21:05 Scout Tower
21:06 Scout Tower
21:12 Guard Tower
21:54 Guard Tower
21:57 Guard Tower
21:58 Guard Tower
22:37 Guard Tower
22:39 Scout Tower
22:40 Scout Tower
22:57 Scout Tower
22:58 Scout Tower
23:05 Guard Tower
23:07 Scout Tower
23:08 Scout Tower
23:09 Scout Tower
23:14 Guard Tower
24:03 Scout Tower
24:04 Scout Tower
24:16 Guard Tower
24:17 Scout Tower
24:18 Scout Tower
24:20 Scout Tower
24:24 Scout Tower
24:26 Scout Tower
24:50 Guard Tower
25:08 Guard Tower
25:11 Scout Tower
25:11 Scout Tower
25:44 Guard Tower
26:50 Scout Tower
26:51 Guard Tower
27:08 Scout Tower
27:09 Scout Tower
27:22 Scout Tower
27:22 Scout Tower
27:23 Scout Tower
27:24 Guard Tower
27:48 Guard Tower
27:49 Scout Tower
27:50 Scout Tower
27:51 Scout Tower
28:12 Guard Tower
29:20 Guard Tower
29:36 Guard Tower
29:42 Scout Tower
29:43 Scout Tower
29:44 Scout Tower
30:19 Scout Tower
30:20 Scout Tower
30:21 Scout Tower
30:21 Scout Tower
30:33 Scout Tower
30:33 Scout Tower
30:34 Scout Tower
30:34 Scout Tower
30:45 Guard Tower
31:27 Scout Tower
31:27 Scout Tower
31:28 Scout Tower
31:28 Scout Tower
31:29 Scout Tower
31:30 Scout Tower
31:37 Scout Tower
31:38 Scout Tower
31:38 Scout Tower
31:40 Scout Tower
32:08 Scout Tower
33:08 Scout Tower
33:09 Scout Tower
33:10 Scout Tower
33:11 Scout Tower
33:11 Scout Tower
33:11 Scout Tower
34:46 Scout Tower
34:47 Scout Tower
34:47 Scout Tower
34:47 Scout Tower
34:48 Scout Tower
34:49 Scout Tower
34:50 Guard Tower
35:54 Guard Tower
35:57 Scout Tower
35:58 Scout Tower
36:10 Guard Tower
36:10 Scout Tower
36:11 Scout Tower
36:12 Scout Tower
36:13 Scout Tower
36:29 Guard Tower
36:33 Guard Tower
36:58 Guard Tower
37:02 Scout Tower
37:03 Scout Tower
37:04 Guard Tower
37:07 Scout Tower
37:07 Scout Tower
37:09 Scout Tower
37:31 Guard Tower
37:59 Guard Tower
38:01 Guard Tower
38:54 Guard Tower
» items
| Scroll of Regeneration | 5 | |
| Healing Salve | 1 | |
| Staff of Sanctuary | 3 | |
| Scroll of Town Portal | 7 | |
| Ring of Protection +5 | 3 | |
| Orb of Frost | 1 | |
| Orb of Lightning | 1 | |
| Lesser Clarity Potion | 1 | |
| Claws of Attack +15 | 2 | |
24 total
dogsandhorse.ru (
blue | 98 APM | 3832 actions | 39:03)
3 Demon Hunter
2 Mana Burn
1 Evasion
3 Pandaren Brewmaster
2 Breath of Fire
1 Drunken Haze
» actions
| Assign group hotkey | 13 | |
| Basic commands | 8 | |
| Build / train | 84 | |
| Enter build submenu | 21 | |
| Enter hero's abilities submenu | 7 | |
| Remove unit from queue | 1 | |
| Right click | 2763 | |
| Select / deselect | 471 | |
| Select group hotkey | 305 | |
| Use ability | 159 | |
3832 total
» units
» upgrades
| Ultravision | 1 | |
| Strength of the Wild | 3 | |
| Reinforced Hides | 2 | |
| Nature's Blessing | 1 | |
| Well Spring | 1 | |
8 total
» buildings
| Altar of Elders | 1 | |
| Moon Well | 11 | |
| Tree of Ages | 2 | |
| Hunter's Hall | 1 | |
| Tree of Life | 4 | |
| Ancient of Wind | 2 | |
| Ancient of Wonders | 1 | |
| Tree of Eternity | 2 | |
24 total
» build order
00:08 Altar of Elders
00:11 Moon Well
02:59 Moon Well
06:54 Tree of Ages
06:54 Tree of Ages
06:57 Hunter's Hall
08:03 Tree of Life
09:19 Ancient of Wind
09:20 Ancient of Wind
10:12 Ancient of Wonders
11:08 Moon Well
11:48 Tree of Eternity
11:48 Tree of Eternity
12:56 Moon Well
12:57 Moon Well
13:01 Moon Well
20:14 Tree of Life
24:30 Moon Well
24:32 Moon Well
24:33 Moon Well
24:35 Moon Well
24:37 Moon Well
30:03 Tree of Life
31:31 Tree of Life
» items
| Orb of Venom | 1 | |
| Staff of Preservation | 1 | |
| Orb of Lightning | 1 | |
| Healing Salve | 1 | |
| Lesser Clarity Potion | 2 | |
| Staff of Sanctuary | 1 | |
| Scroll of Town Portal | 1 | |
| Kelen's Dagger of Escape | 1 | |
9 total
TIMG4STRok (
pink | 104 APM | 4066 actions | 39:02)
7 Blademaster
3 Wind Walk
3 Critical Strike
1 Bladestorm
» actions
| Assign group hotkey | 23 | |
| Basic commands | 8 | |
| Build / train | 63 | |
| ESC pressed | 16 | |
| Enter build submenu | 62 | |
| Enter hero's abilities submenu | 7 | |
| Give item / drop item | 11 | |
| Right click | 2626 | |
| Select / deselect | 250 | |
| Select group hotkey | 795 | |
| Use ability | 205 | |
4066 total
» units
» upgrades
| Spiked Barricades | 1 | |
| Liquid Fire | 1 | |
| Reinforced Defenses | 1 | |
| Ranged Weapons | 3 | |
| Armor | 3 | |
9 total
» buildings
| Altar of Storms | 1 | |
| Orc Burrow | 4 | |
| War Mill | 1 | |
| Watch Tower | 47 | |
| Voodoo Lounge | 1 | |
| Stronghold | 1 | |
| Beastiary | 4 | |
| Fortress | 2 | |
| Great Hall | 1 | |
62 total
» build order
00:09 Altar of Storms
00:13 Orc Burrow
00:23 War Mill
01:37 Watch Tower
02:14 Voodoo Lounge
02:24 Watch Tower
02:24 Watch Tower
02:31 Orc Burrow
02:57 Watch Tower
03:30 Stronghold
03:53 Watch Tower
03:53 Watch Tower
04:03 Watch Tower
04:21 Watch Tower
05:17 Watch Tower
05:55 Beastiary
05:58 Beastiary
06:15 Beastiary
06:23 Orc Burrow
06:26 Watch Tower
06:27 Watch Tower
06:30 Fortress
06:31 Fortress
06:54 Beastiary
07:13 Watch Tower
07:13 Watch Tower
07:37 Watch Tower
07:40 Watch Tower
07:46 Watch Tower
08:30 Orc Burrow
09:59 Watch Tower
09:59 Watch Tower
10:18 Watch Tower
10:20 Watch Tower
10:57 Watch Tower
12:12 Watch Tower
12:21 Watch Tower
12:23 Watch Tower
12:53 Watch Tower
13:01 Watch Tower
13:02 Watch Tower
13:02 Watch Tower
16:17 Watch Tower
16:18 Watch Tower
16:18 Watch Tower
18:44 Watch Tower
18:45 Watch Tower
19:32 Watch Tower
20:18 Great Hall
20:51 Watch Tower
21:04 Watch Tower
21:09 Watch Tower
21:09 Watch Tower
21:10 Watch Tower
21:11 Watch Tower
21:14 Watch Tower
21:15 Watch Tower
21:15 Watch Tower
21:16 Watch Tower
21:59 Watch Tower
21:59 Watch Tower
22:01 Watch Tower
» items
| Healing Salve | 2 | |
| Lesser Clarity Potion | 6 | |
| Orb of Lightning | 1 | |
| Claws of Attack +15 | 2 | |
11 total
team 2 (loser)
aR-Go4olo (
red | 78 APM | 3044 actions | 38:59)
4 Death Knight
2 Death Coil
2 Unholy Aura
4 Lich
2 Frost Nova
2 Frost Armor
» actions
| Assign group hotkey | 61 | |
| Basic commands | 284 | |
| Build / train | 94 | |
| Enter build submenu | 24 | |
| Enter hero's abilities submenu | 8 | |
| Give item / drop item | 4 | |
| Remove unit from queue | 1 | |
| Right click | 1152 | |
| Select / deselect | 635 | |
| Select group hotkey | 694 | |
| Use ability | 87 | |
3044 total
» units
| Acolyte | 22 | |
| Ghoul | 2 | |
| Crypt Fiend | 20 | |
| Frost Wyrm | 12 | |
56 total
» upgrades
| Creature Attack | 1 | |
| Freezing Breath | 1 | |
| Web | 1 | |
| Burrow | 1 | |
4 total
» buildings
| Altar of Darkness | 1 | |
| Ziggurat | 12 | |
| Crypt | 1 | |
| Graveyard | 1 | |
| Tomb of Relics | 1 | |
| Halls of the Dead | 2 | |
| Black Citadel | 1 | |
| Sacrificial Pit | 1 | |
| Boneyard | 2 | |
| Spirit Tower | 1 | |
23 total
» build order
00:07 Altar of Darkness
00:11 Ziggurat
00:38 Crypt
00:58 Graveyard
01:23 Tomb of Relics
01:43 Ziggurat
04:24 Halls of the Dead
04:36 Ziggurat
06:51 Black Citadel
06:55 Sacrificial Pit
07:58 Ziggurat
10:12 Boneyard
10:14 Boneyard
12:40 Ziggurat
12:41 Ziggurat
12:42 Ziggurat
24:40 Ziggurat
24:42 Ziggurat
37:30 Ziggurat
37:34 Ziggurat
38:21 Ziggurat
38:25 Spirit Tower
» items
| Rod of Necromancy | 3 | |
| Potion of Healing | 1 | |
| Scroll of Town Portal | 2 | |
| Potion of Mana | 1 | |
| Gloves of Haste | 1 | |
| Claws of Attack +6 | 1 | |
| Circlet of Nobility | 1 | |
| Orb of Corruption | 1 | |
11 total
sTo4oLo (
yellow | 151 APM | 5884 actions | 38:53)
6 Death Knight
3 Death Coil
2 Unholy Aura
1 Animate Dead
» actions
| Assign group hotkey | 72 | |
| Basic commands | 353 | |
| Build / train | 115 | |
| ESC pressed | 7 | |
| Enter build submenu | 29 | |
| Enter hero's abilities submenu | 7 | |
| Give item / drop item | 7 | |
| Right click | 2471 | |
| Select / deselect | 615 | |
| Select group hotkey | 2017 | |
| Use ability | 191 | |
5884 total
» units
| Acolyte | 10 | |
| Ghoul | 4 | |
| Obsidian Statue | 6 | |
| Meatwagon | 3 | |
| Crypt Fiend | 8 | |
31 total
» upgrades
| Cannibalize | 1 | |
| Creature Attack | 3 | |
| Creature Carapace | 3 | |
| Destroyer Form | 1 | |
| Unholy Strength | 1 | |
| Disease Cloud | 1 | |
| Web | 1 | |
| Burrow | 1 | |
12 total
» buildings
| Crypt | 3 | |
| Ziggurat | 12 | |
| Altar of Darkness | 1 | |
| Tomb of Relics | 1 | |
| Halls of the Dead | 5 | |
| Graveyard | 1 | |
| Black Citadel | 5 | |
| Slaughterhouse | 2 | |
| Necropolis | 1 | |
31 total
» build order
00:15 Crypt
00:18 Crypt
00:20 Ziggurat
00:41 Altar of Darkness
01:16 Tomb of Relics
01:45 Ziggurat
02:43 Halls of the Dead
02:43 Halls of the Dead
02:44 Halls of the Dead
02:44 Halls of the Dead
02:47 Graveyard
04:47 Ziggurat
04:50 Ziggurat
05:04 Black Citadel
05:05 Black Citadel
05:18 Slaughterhouse
05:22 Slaughterhouse
06:49 Ziggurat
10:09 Ziggurat
10:11 Ziggurat
10:12 Ziggurat
11:50 Necropolis
15:09 Ziggurat
15:10 Ziggurat
15:11 Ziggurat
16:17 Crypt
16:38 Ziggurat
» items
| Rod of Necromancy | 5 | |
| Dust of Appearance | 8 | |
| Scroll of Town Portal | 2 | |
| Potion of Healing | 1 | |
| Potion of Mana | 3 | |
19 total
wcg]shaman (
teal | 138 APM | 5371 actions | 39:01)
6 Lich
3 Frost Nova
2 Frost Armor
1 Death and Decay
» actions
| Assign group hotkey | 75 | |
| Basic commands | 396 | |
| Build / train | 61 | |
| ESC pressed | 3 | |
| Enter build submenu | 34 | |
| Enter hero's abilities submenu | 6 | |
| Right click | 2547 | |
| Select / deselect | 552 | |
| Select group hotkey | 1611 | |
| Use ability | 84 | |
5371 total
» units
| Acolyte | 8 | |
| Crypt Fiend | 19 | |
| Ghoul | 3 | |
| Gargoyle | 1 | |
31 total
» upgrades
| Creature Attack | 3 | |
| Web | 1 | |
| Creature Carapace | 3 | |
| Burrow | 1 | |
| Ghoul Frenzy | 1 | |
9 total
» buildings
| Altar of Darkness | 1 | |
| Ziggurat | 23 | |
| Graveyard | 1 | |
| Crypt | 2 | |
| Nerubian Tower | 3 | |
| Halls of the Dead | 3 | |
| Black Citadel | 1 | |
| Necropolis | 2 | |
| Sacrificial Pit | 1 | |
| Spirit Tower | 4 | |
| Tomb of Relics | 1 | |
42 total
» build order
00:07 Altar of Darkness
00:10 Ziggurat
00:39 Graveyard
00:58 Crypt
01:32 Ziggurat
01:35 Ziggurat
02:27 Crypt
03:58 Nerubian Tower
04:35 Ziggurat
04:43 Ziggurat
05:23 Halls of the Dead
05:23 Halls of the Dead
07:47 Black Citadel
08:00 Nerubian Tower
08:08 Ziggurat
08:12 Ziggurat
12:57 Necropolis
13:56 Ziggurat
13:59 Ziggurat
14:01 Ziggurat
16:03 Sacrificial Pit
16:23 Ziggurat
16:27 Ziggurat
16:32 Ziggurat
16:35 Ziggurat
16:37 Ziggurat
16:38 Ziggurat
16:40 Ziggurat
16:42 Ziggurat
19:05 Spirit Tower
26:58 Necropolis
34:12 Tomb of Relics
35:06 Ziggurat
35:08 Ziggurat
35:10 Ziggurat
35:17 Ziggurat
36:05 Ziggurat
37:00 Spirit Tower
37:03 Spirit Tower
37:40 Spirit Tower
37:42 Nerubian Tower
» items
| Potion of Greater Mana | 1 | |
| Healing Wards | 1 | |
2 total
Chat log
(00:01 / All) Birdeneering: we have aproblem
(00:03 / All) Birdeneering: Our friend is in the bathrookm
(00:21 / All) wcg]shaman: make share control and play
(00:26 / All) aR-Go4olo: you have the problem not we
(00:31 / All) Birdeneering: bad manner
(00:36 / All) Birdeneering: u will pay..
(01:13 / All) dogsandhorse.ru: Pizza here
(01:14 / All) dogsandhorse.ru: sorry
(01:14 / All) TIMG4STRok: 1 sec
(01:15 / All) TIMG4STRok: please
(01:18 / All) TIMG4STRok: pls
(01:19 / All) TIMG4STRok: pls
(01:19 / All) TIMG4STRok: pls
(01:20 / All) TIMG4STRok: pls
(01:21 / All) TIMG4STRok: pl
(01:21 / All) TIMG4STRok: pls
(01:22 / All) TIMG4STRok: pls
(01:23 / All) TIMG4STRok: pls
(01:23 / All) TIMG4STRok: pls
(01:24 / All) TIMG4STRok: pl
(01:25 / All) TIMG4STRok: pls?
(01:28 / All) aR-Go4olo: NO
(01:28 / All) aR-Go4olo: NO
(01:29 / All) aR-Go4olo: NO
(01:30 / All) aR-Go4olo: NO
(01:32 / All) TIMG4STRok: brb
(01:35 / All) aR-Go4olo: OK
(01:38 / All) TIMG4STRok: plz
(01:38 / All) TIMG4STRok: ty
(01:39 / All) aR-Go4olo: OK
(01:43 / All) TIMG4STRok: i pausing brb
(01:46 / All) TIMG4STRok: dont unpasue
(01:47 / All) TIMG4STRok: gogin
(01:51 / All) aR-Go4olo: OK
(01:57 / All) aR-Go4olo: 30 sec you have
(01:57 / All) TIMG4STRok: i brb please
(01:58 / All) aR-Go4olo: not more
(01:59 / All) TIMG4STRok: thd
(02:00 / All) TIMG4STRok: thx
(02:06 / All) TIMG4STRok: u pause for me?? i brb
(02:07 / All) TIMG4STRok: thanks
(02:10 / All) wcg]shaman: no cash no pizzaa :D
(02:20 / All) TIMG4STRok: no wait please
(03:32 / All) aR-Go4olo: WTF
(07:22 / All) dogsandhorse.ru: good surrounds
(07:43 / All) dogsandhorse.ru: are you even trying
(17:47 / All) aR-Go4olo: OMg
(19:17 / All) aR-Go4olo: GFG SAM
(19:19 / All) aR-Go4olo: NISto nqmam
(19:24 / All) Birdeneering: what??
(19:30 / All) Birdeneering: sorry I've been in the bathroom
(26:47 / All) Birdeneering: BYE
(26:59 / All) aR-Go4olo: XAAX
(27:56 / All) aR-Go4olo: A
(27:56 / All) aR-Go4olo: DA
(27:57 / All) aR-Go4olo: AD
(27:57 / All) aR-Go4olo: ADA
(27:57 / All) aR-Go4olo: ASD
(28:00 / All) Birdeneering: owch..
(32:03 / All) aR-Go4olo: GJ
(32:03 / All) aR-Go4olo: PRO
(32:05 / All) dogsandhorse.ru: lol
(32:17 / All) dogsandhorse.ru: lmao
(32:54 / All) aR-Go4olo: LAMO
(37:37 / All) Birdeneering: hey boys!
(37:43 / All) aR-Go4olo: ?
(37:51 / All) Birdeneering: A/S/L? :)
(38:04 / All) aR-Go4olo: nigeria
(38:07 / All) aR-Go4olo: 21
(38:09 / All) aR-Go4olo: girl
(38:25 / All) dogsandhorse.ru: maybe U heard of me
(38:45 / All) Birdeneering: bye!
(38:58 / All) Birdeneering: :(
(38:59 / All) dogsandhorse.ru: bye!